 Dungeon Crawl Stone Soup version 0.22-a0-362-g535178c (webtiles) character file.

7 Amnesiac the Grave Robber (level 1, -2/13 HPs)
             Began as a Mummy Necromancer on Apr 20, 2018.
             Slain by a frilled lizard (3 damage)
             ... on level 4 of the Dungeon.
             The game lasted 00:00:45 (182 turns).

Amnesiac the Grave Robber (Mummy Necromancer)        Turns: 182, Time: 00:00:46

Health: -2/13      AC:  2    Str: 11    XL:     1   Next: 91%
Magic:  4/4        EV: 12    Int: 14    God:
Gold:   0          SH:  0    Dex: 12    Spells: 5/6 levels left

rFire    x . .     SeeInvis .   (no weapon)
rCold    + . .     Gourm    .   (no shield)
rNeg     + + +     Faith    .   a - +0 robe
rPois    ∞         Spirit   .   (no helmet)
rElec    .         Reflect  .   (no cloak)
rCorr    .         Harm     .   (no gloves)
MR       .....                  (no boots)
Stlth    ++........             (no amulet)
HPRegen  0.04/turn              (no ring)
MPRegen  0.09/turn              (no ring)

@: no status effects
A: no food or potions, fire vulnerability, cold resistance 1, negative energy
resistance 3, torment resistance, unbreathing
a: no special abilities


You were on level 4 of the Dungeon.
You were not hungry.

You visited 1 branch of the dungeon, and saw 4 of its levels.

Inventory:

Armour
 a - a +0 robe (worn)


   Skills:
 - Level 1.5 Dodging
 - Level 1.5 Stealth
 + Level 3.1 Spellcasting
 + Level 4.2 Necromancy


You had 5 spell levels left.
You knew the following spells:

 Your Spells              Type           Power        Failure   Level  Hunger
a - Pain                  Necr           ##..         3%          1    N/A

Dungeon Overview and Level Annotations

Branches:
Dungeon (4/15)
 Temple: D:4-7

Altars:

Portals:
Sewer: D:4


Innate Abilities, Weirdness & Mutations

You do not eat or drink.
Your flesh is vulnerable to fire.
You are immune to poison.
Your flesh is cold resistant. (rC+)
You are immune to negative energy. (rN+++)
You are immune to unholy pain and torment.
You can survive without breathing.


Message History

Aim: a giant cockroach (heavily wounded, clinging, chance to defeat MR: 83%)
The giant cockroach writhes in agony!
You kill the giant cockroach!
Casting: Pain (safe; 3% risk of failure)
Confirm with . or Enter, or press ? or * to list all spells.
You can't see any susceptible monsters within range! (Use Z to cast anyway.)
Casting: Pain (safe; 3% risk of failure)
Confirm with . or Enter, or press ? or * to list all spells.
You can't see any susceptible monsters within range! (Use Z to cast anyway.)
There is a stone staircase leading up here.
You climb upwards.
There is a stone staircase leading down here.
Magic restored.
Found a stone staircase leading up.
There is a stone staircase leading down here.
You climb downwards.
You hear the sound of rushing water.
There is an entrance to a sewer on this level.
Hurry and find it before the portal rusts away!
There is a stone staircase leading up here.
A ball python comes into view.
Found a glowing drain.
A worm comes into view.
Casting: Pain (safe; 3% risk of failure)
Confirm with . or Enter, or press ? or * to list all spells.
Aiming: Pain (safe; 3% risk of failure)
Press: ? - help, Shift-Dir - straight line, f - ball python
Aim: a ball python (resting, chance to defeat MR: 83%)
The ball python hisses angrily.
The ball python writhes in agony!
You kill the ball python!
A river rat comes into view.
Casting: Pain (safe; 3% risk of failure)
Confirm with . or Enter, or press ? or * to list all spells.
You can't see any susceptible monsters within range! (Use Z to cast anyway.)
Casting: Pain (safe; 3% risk of failure)
Confirm with . or Enter, or press ? or * to list all spells.
You can't see any susceptible monsters within range! (Use Z to cast anyway.)
Found a scroll labeled TEUMEECSOS.
Why would you want to do that?
You enter the shallow water.
Moving in this stuff is going to be slow.
Found 13 gold pieces.
Found a stone staircase leading down.
A frilled lizard comes into view.
An ogre comes into view. It is wielding a giant club.
The frilled lizard hisses angrily.
The river rat bites you.
Found a scroll labeled CYAVECKANIBB and 18 stones.
You closely miss the frilled lizard.
The frilled lizard bites you but does no damage.
The river rat misses you. The frilled lizard barely misses you.
The frilled lizard bites you.
You closely miss the river rat. The frilled lizard bites you.
The river rat bites you.
* * * LOW HITPOINT WARNING * * *
You enter the shallow water.
Moving in this stuff is going to be slow.
The frilled lizard closely misses you.
The river rat bites you but does no damage.
The frilled lizard bites you.
* * * LOW HITPOINT WARNING * * *
You hear the slow rusting of a drain.
The frilled lizard bites you.
You die...

..##.##≈≈≈≈≈##...#
....##≈≈≈≈≈##...#
#.≈≈.....≈≈...#
##.≈≈.....≈≈...##
#......∩..≈≈.# .#
#..≈≈.....w≈≈##.##
###..≈≈....†≈≈.....###
#?...##≈≈≈≈≈##lr......
#.##.##≈≈≈≈≈##@##..###
## #.........≈.# ..#
#..###.########## ..#
#.<..# .. #..#### .
....# ####


You could see a worm, a river rat and a frilled lizard.

Vanquished Creatures
  A leopard gecko (D:3)
  A bat (D:1)
  2 giant cockroaches
  A ball python (D:4)
  A rat (D:2)
6 creatures vanquished.

Notes
Turn   | Place    | Note
-------+----------+-------------------------------------------
     0 | D:1      | Amnesiac the Mummy Necromancer began the quest for the Orb.
     0 | D:1      | Reached XP level 1. HP: 13/13 MP: 4/4
   161 | D:4      | Found a glowing drain.
   170 | D:4      | Noticed an ogre
   182 | D:4      | Slain by a frilled lizard

Vault maps used:
D:1:      sevenhm_arrival_forest_fort_large_1
D:2:      first_ration, uniq_terence, uniq_natasha
D:3:      lemuel_round_altar, nicolae_tso_swordbearing_angel
D:4:      cheibrodos_sewer_entry_sluice, minivault_1

Skill      XL: |  1 |
---------------+----+-----
Spellcasting   | 3 |  3.1
Dodging        | |  1.5
Stealth        | |  1.5
Necromancy     | |  4.2

Action                   || total
-------------------------++-------
Melee: Unarmed           ||     2
 Cast: Pain              ||    10
Armor: Robe              ||     2
Dodge: Dodged            ||     3

Table legend:
 A = Spawn XP
 B = Non-spawn XP
 C = Spawn XP percentage of total XP
 D = Spawn monster count
 E = Non-spawn monster count
 F = Spawn count percentage of total count
 G = Total turns spent on level
                    A         B        C        D         E        F      G
               +---------+---------+-------+---------+---------+-------+---------
         Total |       0 |      11 |   0.0 |       0 |       6 |   0.0 |   182
               +---------+---------+-------+---------+---------+-------+---------
           D:1 |       0 |       2 |   0.0 |       0 |       1 |   0.0 |    51
           D:2 |       0 |       1 |   0.0 |       0 |       1 |   0.0 |    18
           D:3 |       0 |       5 |   0.0 |       0 |       2 |   0.0 |    85
           D:4 |       0 |       3 |   0.0 |       0 |       2 |   0.0 |    28
               +---------+---------+-------+---------+---------+-------+---------
